 Dungeon Crawl Stone Soup version 0.30.0-29-ga12c61a403 (webtiles) character file.

Game seed: 6051590935518190609

39 seaoflcl the Trooper (level 3, -8/33 HPs)
             Began as a Minotaur Fighter on June 15, 2023.
             Mangled by an ogre
             ... wielding a +0 giant spiked club
              (18 damage)
             ... on level 3 of the Dungeon.
             The game lasted 00:01:25 (1095 turns).

seaoflcl the Trooper (Minotaur Fighter)             Turns: 1095, Time: 00:01:26

Health: -8/33      AC:  7    Str: 22    XL:     3   Next: 28%
Magic:  2/2        EV: 10    Int:  5    God:
Gold:   81         SH:  4    Dex:  9    Spells: 2/2 levels left

rFire   . . .        a - +0 war axe
rCold   + . .        c - +0 buckler
rNeg    . . .        m - +2 ring mail {rC+}
rPois   .            (helmet restricted)
rElec   .            (no cloak)
rCorr   .            (no gloves)
SInv    .            (no boots)
Will    .....        (no amulet) Stlth
                     e - ring of flight
HPRegen 0.25/turn    (no ring)
MPRegen 0.08/turn

%: no passive effects
@: mighty, flying
A: horns 2, retaliatory headbutt
a: no special abilities


You were on level 3 of the Dungeon.
You visited 1 branch of the dungeon, and saw 3 of its levels.

You collected 81 gold pieces.

Inventory:

Hand Weapons
 a - a +0 war axe (weapon)
Armour
 c - a +0 buckler (worn)
 m - a +2 ring mail of cold resistance (worn)
Jewellery
 e - a ring of flight (left hand)
 o - an amulet of faith
Scrolls
 f - a scroll of teleportation {unknown}
 h - 2 scrolls of identify {unknown}
 i - a scroll of immolation {unknown}
 k - 2 scrolls of enchant armour {unknown}
 l - a scroll of vulnerability {unknown}
 n - a scroll of amnesia {unknown}
 p - a scroll of fear {unknown}
Potions
 b - a potion of resistance {unknown}
 g - 3 potions of attraction {unknown}
 j - a potion of lignification {unknown}


   Skills:
 + Level 4.0 Fighting
 * Level 3.4 Axes
 + Level 4.0 Armour
 + Level 4.0 Shields


You had 2 spell levels left.
You didn't know any spells.
Your spell library contained the following spells:

 Spells                   Type           Power      Damage    Failure   Level
 Ozocubu's Armour         Ice            0%         N/A       97%         3
 Metabolic Englaciation   Hex/Ice        0%         N/A       100%        5
 Simulacrum               Ice/Necr       0%         N/A       100%        6


Dungeon Overview and Level Annotations

Branches:
Dungeon (3/15)

Altars:

Shops:
D:1 !   D:2 !


Innate Abilities, Weirdness & Mutations

You have a pair of horns on your head.
You reflexively headbutt those who attack you in melee.


Message History

Found a scroll labelled REZYSMA IPRY.
p - a scroll labelled REZYSMA IPRY As you open the door, it creaks loudly!
A kobold comes into view. It is wielding a +0 dagger.
The kobold shouts!
You hear a shout!
An ogre comes into view. It is wielding a +0 giant spiked club.
Found 3 stones.
There is an open door here.
You hit the kobold.
The kobold is heavily wounded.
The kobold hits you but does no damage.
You completely miss the kobold.
The kobold is heavily wounded.
The kobold hits you but does no damage.
You completely miss the kobold. Your headbutt misses the kobold.
The kobold is heavily wounded.
You slash the ogre! The kobold hits you with a +0 dagger.
You block the ogre's attack. The kobold hits you but does no damage.
You completely miss the kobold.
The kobold is moderately wounded.
You hit the ogre.
The ogre hits you with a +0 giant spiked club!!
Ouch! That really hurt!
* * * LOW HITPOINT WARNING * * *
The kobold hits you but does no damage.
A goblin comes into view. It is wielding a +0 dagger.
The kobold attacks as you move away! You block the kobold's attack.
The kobold attacks as you move away! The kobold hits you but does no damage.
You reach down and open the door.
A goblin comes into view. It is wielding a +0 dagger.
The kobold hits you with a +0 dagger.
* * * LOW HITPOINT WARNING * * *
There is an open door here.
The goblin shouts!
You slash the kobold!
You kill the kobold!
You feel very mighty all of a sudden.
The ogre hits you with a +0 giant spiked club!!
Ouch! That really hurt!
You die...

.### ####..... ...######
......... ###.......
........ ....... #.##..
.... .......
#...####g#####.#
.......###.............#
.......@O..............#
.......###...g...###
.....g. ##'####..<#
.......#.......#.###
.......#.......#..
.......#...#(..###.
.......#..# #..# ..
.......#.. ..# .. #..
..# ...


You could see an ogre and 2 goblins.

Vanquished Creatures
  A worm (D:2)
  A dart slug (D:2)
  4 ball pythons
  2 bats
  An endoplasm (D:1)
  A giant cockroach (D:1)
  5 goblins (D:1)
  5 hobgoblins
  2 jackals (D:1)
  A quokka (D:2)
  4 frilled lizards
  4 kobolds
  A rat (D:1)
32 creatures vanquished.

Notes
Turn   | Place    | Note
-------+----------+-------------------------------------------
     0 | D:1      | seaoflcl the Minotaur Fighter began the quest for the Orb.
     0 | D:1      | Reached XP level 1. HP: 19/19 MP: 0/0
    66 | D:1      | Found Rore's Distillery.
   114 | D:1      | Reached XP level 2. HP: 20/27 MP: 1/1
   611 | D:2      | Reached XP level 3. HP: 33/33 MP: 2/2
   697 | D:2      | Found Cybaetz's Distillery.
  1083 | D:3      | Noticed an ogre
  1095 | D:3      | Mangled by an ogre

Illustrated notes

Levels and vault maps discovered:
D:1:      matt_arrival_spirals, layout_rooms, serial_shops, nicolae_shop_trees,
          minmay_small_reverse_x
D:2:      layout_basic, serial_shops, shop, kennysheep_generic_room_7
D:3:      layout_basic, portal_sewer_entry_a, kennysheep_generic_room_8,
          uniq_ijyb

Skill      XL: |  1  2  3 |
---------------+----------+-----
Axes           | 3 |  3.4
Fighting       | 4 |  4.0
Armour         | 4 |  4.0
Shields        | 4 |  4.0

Action                     || total
---------------------------++-------
  Melee: War axe           ||    63
         Headbutt          ||     9
    Use: Potion            ||     1
 Armour: Scale mail        ||    29
         Ring mail         ||    10
  Dodge: Dodged            ||    31
  Block: Buckler           ||    19
